 Dungeon Sprint DCSS version 0.23-a0-183-gf37f6fb (webtiles) character file.

83 digijack the Shield-Bearer (level 4, -2/44 HPs)
             Began as a Minotaur Fighter on Sept 23, 2018.
             Slain by a killer bee (8 damage)
             ... in the Dungeon (Sprint IV: "Fedhas' Mad Dash").
             The game lasted 00:02:34 (541 turns).

digijack the Shield-Bearer (Minotaur Fighter)        Turns: 541, Time: 00:02:35

Health: -2/44      AC:  7    Str: 22    XL:     4   Next: 22%
Magic:  3/3        EV:  8    Int:  5    God:
Gold:   73         SH: 10    Dex:  9    Spells: 3/3 levels left

rFire    . . .     SeeInvis .   a - +0 flail
rCold    . . .     Gourm    .   c - +0 shield
rNeg     . . .     Faith    .   b - +0 scale mail
rPois    .         Spirit   .   (helmet restricted)
rElec    .         Reflect  .   (no cloak)
rCorr    .         Harm     .   (no gloves)
MR       .....     NoTele   +   (no boots)
Stlth    ..........             m - amulet of invisibility {+Inv}
HPRegen  0.14/turn              (no ring)
MPRegen  0.08/turn              (no ring)

@: lethally poisoned (-2 -> -18)
A: retaliatory headbutt, horns 2
a: Evoke Invisibility


You were in the Dungeon.
You were not hungry.

You visited 1 branch You collected 73 gold pieces.

Inventory:

Hand Weapons
 a - a +0 flail (weapon)
Armour
 b - a +0 scale mail (worn)
 c - a +0 shield (worn)
Jewellery
 m - the amulet of invisibility (around neck) {+Inv}
   (You found it in the Dungeon)

   [amulet of nothing]

   It lets you turn invisible.
Scrolls
 k - a scroll of blinking
 n - a scroll of fear {unknown}
Potions
 d - a potion of might
 e - a potion of curing
 g - a potion of heal wounds
 h - a potion of haste
 i - 2 potions of magic
 j - a potion of berserk rage
Comestibles
 f - a ration


   Skills:
 + Level 6.1 Fighting
 + Level 5.5 Maces & Flails
 + Level 6.1 Armour
 + Level 6.1 Shields


You had 3 spell levels left.
You didn't know any spells.
Your spell library was empty.

Dungeon Overview and Level Annotations

Branches:
Dungeon (1/1)

Altars:
Cheibriados
Gozag
Hepliaklqana
Makhleb
Nemelex Xobeh
Ru
Sif Muna
Trog
Wu Jian
Xom
Yredelemnul
Beogh
Jiyva

Annotations:
D exclusions: oklob plant and 2 oklob saplings


Innate Abilities, Weirdness & Mutations

You reflexively headbutt those who attack you in melee.
You have a pair of horns on your head.


Message History

The killer bee poisons you!
The killer bee stings you but does no damage.
Okay, then.
As you read the scroll labeled DOIZO LERIOVE, it crumbles to dust.
The creatures around you are filled with an inner flame!
It was a scroll of immolation.
You feel sick. The killer bee stings you.
* * * LOW HITPOINT WARNING * * *
You are more poisoned.
The killer bee poisons you! You block the killer bee's attack.
The killer bee stings you but does no damage.
You block the killer bee's attack.
The queen bee calls on the killer bee to defend it!
The killer bee goes berserk!
The queen bee calls on the killer bee to defend it!
The killer bee goes berserk!
You closely miss the killer bee.
The killer bee is moderately wounded.
* * * LOW HITPOINT WARNING * * *
You feel sick. The killer bee stings you!
You die...

#<..P#.....#.....#.⌠._._
#PP..'.....'.#...'.._._.
#PPPP#.....#.#...#..._._
###############'##.._._.
#...♣.y......'...#._._._
#%.....♣.....#...#######
y ♣y.♣..######
####y######P
#$$y@+......
#P|###P...P. ### #####


You could see a burning bush (inner flame), a queen bee (inner flame) and 3
killer bees.

Vanquished Creatures
  2 oklob saplings (D)
  A worker ant (D)
  A river rat (D)
  A rat (D)
5 creatures vanquished.

Notes
Turn   | Place    | Note
-------+----------+-------------------------------------------
     0 | D        | digijack the Minotaur Fighter began the quest for the Orb.
     0 | D        | Reached XP level 1. HP: 19/19 MP: 0/0
    13 | D        | Reached XP level 2. HP: 11/28 MP: 1/1
   199 | D        | Noticed an oklob sapling
   201 | D        | Killed an oklob sapling
   201 | D        | Reached skill level 5 in Fighting
   201 | D        | Reached skill level 5 in Armour
   201 | D        | Reached skill level 5 in Shields
   201 | D        | Reached XP level 3. HP: 36/36 MP: 2/2
   204 | D        | Found the amulet of invisibility {+Inv}
   213 | D        | Reached skill level 5 in Maces & Flails
   231 | D        | Found an opulent altar of Gozag.
   231 | D        | Found a hazy altar of Hepliaklqana.
   231 | D        | Found a burning altar of Makhleb.
   231 | D        | Found a sparkling altar of Nemelex Xobeh.
   231 | D        | Found a sacrificial altar of Ru.
   231 | D        | Found a deep blue altar of Sif Muna.
   231 | D        | Found an ornate altar of the Wu Jian Council.
   231 | D        | Found a shimmering altar of Xom.
   231 | D        | Found a basalt altar of Yredelemnul.
   232 | D        | Found a viscous altar of Jiyva.
   232 | D        | Found a roughly hewn altar of Beogh.
   232 | D        | Found a snail-covered altar of Cheibriados.
   232 | D        | Found a bloodstained altar of Trog.
   232 | D        | Noticed an oklob sapling priest
   234 | D        | Noticed an oklob sapling
   240 | D        | Killed an oklob sapling
   240 | D        | Reached XP level 4. HP: 4/44 MP: 3/3
   529 | D        | Noticed a queen bee
   536 | D        | Noticed a burning bush
   538 | D        | Noticed a burning bush
   538 | D        | Noticed an oklob plant
   541 | D        | Slain by a killer bee

Vault maps used:
D:        dungeon_sprint_fedhas

Skill      XL: |  1  2  3 |
---------------+----------+-----
Fighting       | 4 5 6 |  6.1
Maces & Flails | 3 4 5 |  5.5
Armour         | 4 5 6 |  6.1
Shields        | 4 5 6 |  6.1

Action                   |  1- 3 |  4- 6 || total
-------------------------+-------+-------++-------
Melee: Flail             |    24 |     5 ||    29
       Headbutt          |     5 |       ||     5
  Use: Scroll            |       |     1 ||     1
Armor: Scale mail        |    10 |     5 ||    15
Dodge: Dodged            |     5 |     2 ||     7
Block: Shield            |    11 |     8 ||    19

Table legend:
 A = Non-vault XP
 B = Vault XP
 C = Vault XP percentage of total XP
 D = Non-vault monster count
 E = Vault monster count
 F = Vault count percentage of total count
                 A         B        C        D         E       F
            +---------+---------+-------+---------+---------+-------
      Total |       0 |     119 | 100.0 |       0 |       5 | 100.0
            +---------+---------+-------+---------+---------+-------
          D |       0 |     119 | 100.0 |       0 |       5 | 100.0
            +---------+---------+-------+---------+---------+-------
